 Dungeon Crawl Stone Soup version 0.13-a0-2942-g3a822f8 (webtiles) character file.

494 Hawklord the Nimble (level 6, -2/33 HPs)
             Began as a Spriggan Berserker on Sept 5, 2013.
             Was a Priest of Trog.
             Killed from afar by an orc wizard (7 damage)
             ... with a magic dart
             ... on Level 3 of the Dungeon.
             The game lasted 00:12:40 (3030 turns).

Hawklord the Nimble (Spriggan Berserker)            Turns: 3030, Time: 00:12:41

HP  -2/33        AC  2     Str 15      XL: 6   Next: 44%
MP  11/11        EV 23     Int 13      God: Trog [***...]
Gold 118         SH  0     Dex 16      Spells:  0 memorised,  5 levels left

Res.Fire  : . . .   See Invis. : +   a - +1,+2 orc dagger (venom)
Res.Cold  : . . .   Warding    : .   h - +0 orc robe
Life Prot.: . . .   Conserve   : .   (shield restricted)
Res.Poison: .       Res.Corr.  : .   (helmet restricted)
Res.Elec. : .       Clarity    : .   (no cloak)
Sust.Abil.: . .     Spirit.Shd : .   (gloves unavailable)
Res.Mut.  : .       Stasis     : .   (boots unavailable)
Res.Rott. : .       Flight     : .   (no amulet)
Saprovore : . . .                    (no ring)
                                     (no ring)

@: brilliant, very quick, somewhat resistant to hostile enchantments, quite
stealthy
A: unfitting armour, see invisible, herbivore 3, speed 3, slow metabolism 2
a: Burn Spellbooks, Berserk, Trog's Hand, Renounce Religion


You were on level 3 of the Dungeon.
You worshipped Trog.
Trog was greatly pleased with you.
You were very full.

You visited 1 branch of the dungeon, and saw 4 of its levels.

You collected 98 gold pieces.

Inventory:

Hand weapons
 a - a +1,+2 orcish dagger of venom (weapon)
 j - a +1,+5 orcish dagger (quivered)
Armour
 b - a +0 animal skin
 h - a +0 orcish robe (worn)
Magical devices
 m - a wand of cold (3)
Scrolls
 i - 2 scrolls of remove curse
 l - 3 scrolls of teleportation
Potions
 c - a potion of porridge
 d - a potion of restore abilities {unknown}
 e - a potion of confusion {unknown}
 f - 2 potions of brilliance
 g - a potion of speed {unknown}
 k - a potion of might
 n - a potion of heal wounds {unknown}


   Skills:
 + Level 2.9 Fighting
 + Level 4.4 Short Blades
 + Level 8.5 Dodging
 * Level 4.4 Stealth


You had 5 spell levels left.
You didn't know any spells.

Dungeon Overview and Level Annotations

Branches:
Dungeon (4/27)
 Temple: D:4-7

Altars:


Innate Abilities, Weirdness & Mutations

You are tiny and cannot use many weapons and most armour.
You have supernaturally acute eyesight.
You are a herbivore.
You cover ground extremely quickly.
You need consume almost no food.


Message History

You barely miss the orc wizard.
The orc wizard is heavily wounded.
The orc priest calls down the wrath of Beogh upon you.
Something smites you!
* * * LOW HITPOINT WARNING * * *
The orc wizard completely misses you.
Drink which item? (? for menu, Esc to quit)
You feel more clever all of a sudden.
It was a potion of brilliance.
The orc wizard completely misses you.
Use which ability? (? or * to list)
You fail to use your ability.
The orc wizard closely misses you.
Use which ability? (? or * to list)
Your ogre goes berserk!
You feel somewhat less full.
You can no longer call in reinforcements.
The orc priest calls upon Beogh to heal the orc wizard.
The orc wizard is healed somewhat.
The orc wizard points at you and mumbles some strange words.
The magic dart hits you!
You die...

#.# #.# #.#
###.# #...#
#.#.# ####
#.#.# ....
#.#.####..#####
#..O@oo.......#
#.#.##o#.###...
###.##.....
..######.# .###
# #. #


You could see an orc priest, an orc wizard, an orc and a friendly ogre
(berserk).

Vanquished Creatures
  An ogre (D:4)
  An orc priest (D:3)
  A scorpion (D:4)
  An iguana (D:4)
  An orc wizard (D:3)
  A worker ant (D:4)
  Ijyb (D:3)
  4 gnolls (D:2)
  2 adders (D:2)
  An inept feature mimic (D:4)
  A worm (D:3)
  A giant eyeball (D:4)
  A giant gecko (D:4)
  2 orcs (D:3)
  10 goblins
  3 hobgoblins (D:1)
  18 jackals
  2 quokkas
  6 bats
  3 giant newts
  7 kobolds
  2 orc skeletons (D:4)
  4 rats
  A rat skeleton (D:4)
75 creatures vanquished.

Notes
Turn   | Place    | Note
--------------------------------------------------------------
     0 | D:1      | Hawklord, the Spriggan Berserker, began the quest for the Orb.
     0 | D:1      | Reached XP level 1. HP: 12/12 MP: 1/1
    63 | D:1      | Reached skill level 5 in Dodging
    99 | D:1      | Reached XP level 2. HP: 5/16 MP: 3/3
   320 | D:1      | Acquired Trog's second power
   579 | D:2      | Reached XP level 3. HP: 5/21 MP: 5/5
   604 | D:2      | Reached skill level 6 in Dodging
   894 | D:2      | Reached XP level 4. HP: 13/25 MP: 7/7
  1044 | D:2      | Reached skill level 7 in Dodging
  2021 | D:4      | Reached skill level 1 in Stealth
  2058 | D:4      | Reached XP level 5. HP: 23/28 MP: 9/9
  2590 | D:4      | Noticed an ogre
  2614 | D:4      | Killed an ogre
  2614 | D:4      | Reached skill level 8 in Dodging
  2614 | D:4      | Reached XP level 6. HP: 33/33 MP: 11/11
  2699 | D:3      | Noticed Ijyb
  2742 | D:3      | Killed Ijyb
  2760 | D:3      | Acquired Trog's third power
  3030 | D:3      | Killed from afar by an orc wizard

Action                   |  1- 3 |  4- 6 || total
-------------------------+-------+-------++-------
Melee: Short sword       |   152 |       ||   152
       Dagger            |    29 |   194 ||   223
Invok: Brothers in Arms  |       |     1 ||     1
Evoke: Wand              |       |     1 ||     1
  Use: Potion            |     4 |     1 ||     5
       Scroll            |     8 |     3 ||    11
 Stab: Sleeping          |     2 |     3 ||     5
